 Dungeon Crawl Stone Soup version 0.20.1-1-g8b1a95d (webtiles) character file.

2914 tirato the Ogre Mage (level 9, -6/89 HPs)
             Began as an Ogre Fire Elementalist on July 16, 2017.
             Was an Initiate of Vehumet.
             Mangled by a bullfrog (7 damage)
             ... on level 1 of the Lair of Beasts.
             The game lasted 00:43:46 (11842 turns).

tirato the Ogre Mage (Ogre Fire Elementalist)      Turns: 11842, Time: 00:43:46

Health: -6/89      AC:  4    Str: 14    XL:     9   Next: 78%
Magic:  1/21       EV: 11    Int: 19    God:    Vehumet [......]
Gold:   458        SH:  0    Dex:  9    Spells: 9/24 levels left

rFire    . . .     SeeInvis .   v - staff of conjuration
rCold    . . .     Gourm    .   (no shield)
rNeg     . . .     Faith    .   a - +0 robe
rPois    .         Spirit   .   (helmet restricted)
rElec    .         Reflect  .   u - +0 cloak
rCorr    .         Harm     .   (gloves unavailable)
MR       .....                  (boots unavailable)
Stlth    ++........             w - amulet of rage
Regen    0.3/turn               d - ring of wizardry
MPRegen  0.2/turn               (no ring)

@: lethally poisoned (-6 -> -14)
A: unfitting armour, tough skin 1
a: Renounce Religion, Evoke Berserk Rage


You were on level 1 of the Lair of Beasts.
You worshipped Vehumet.
Vehumet was noncommittal.
You were not hungry.

You visited 3 branches of the dungeon, and saw 10 of its levels.

You collected 458 gold pieces.

Inventory:

Hand Weapons
 t - a +2 quarterstaff of chaos
Armour
 a - a +0 robe (worn)
 u - a +0 cloak (worn)
Magical Staves
 v - an uncursed staff of conjuration (weapon)
 C - an uncursed staff of summoning
Jewellery
 d - a ring of wizardry (left hand)
 w - an amulet of rage (around neck)
 F - an uncursed ring of resist corrosion {unknown}
Wands
 q - a wand of lightning (9/15)
 A - a wand of random effects (9/48)
Scrolls
 c - 3 scrolls of recharging {unknown}
 f - 5 scrolls of remove curse {unknown}
 g - 5 scrolls of identify {unknown}
 h - 2 scrolls of amnesia {unknown}
 i - a scroll of noise {unknown}
 l - a scroll of random uselessness {unknown}
 n - 2 scrolls of magic mapping {unknown}
 x - a scroll of summoning {unknown}
 y - a scroll of teleportation {unknown}
 D - a scroll of fog {unknown}
 H - a scroll of fear {unknown}
Potions
 e - 4 potions of curing {unknown}
 k - 3 potions of lignification {unknown}
 m - a potion of invisibility {unknown}
 o - 3 potions of mutation {unknown}
 p - a potion of cancellation {unknown}
 s - a potion of haste {unknown}
 E - a potion of magic {unknown}
Books
 b - a book of Flames

   Spells                             Type                      Level
   a - Flame Tongue                   Conjuration/Fire             1
   b - Throw Flame                    Conjuration/Fire             2
   c - Conjure Flame                  Conjuration/Fire             3
   d - Inner Flame                    Hexes/Fire                   3
   e - Sticky Flame                   Conjuration/Fire             4
   f - Fireball                       Conjuration/Fire             5
 r - a book of Power

   Spells                             Type                      Level
   a - Iskenderun's Battlesphere      Conjuration/Charms           5
   b - Venom Bolt                     Conjuration/Poison           5
   c - Bolt of Magma                  Conjuration/Fire/Earth       5
   d - Iron Shot                      Conjuration/Earth            6
   e - Orb of Destruction             Conjuration                  7
   f - Spellforged Servitor           Conjuration/Summoning        7
Comestibles
 z - a meat ration
 B - 2 royal jellies
 G - a bread ration


   Skills:
 + Level 6.2 Fighting
 + Level 4.4 Dodging
 - Level 2.6 Stealth
 * Level 8.0 Spellcasting
 + Level 4.4 Conjurations
 * Level 6.9 Fire Magic


You had 9 spell levels left.
You knew the following spells:

 Your Spells              Type           Power        Failure   Level  Hunger
a - Flame Tongue          Conj/Fire      #####        1%          1    None
b - Throw Flame           Conj/Fire      #####.       1%          2    None
c - Conjure Flame         Conj/Fire      #####...     1%          3    None
d - Sticky Flame          Conj/Fire      #####...     3%          4    ###....
e - Fireball              Conj/Fire      #####.....   10%         5    #####..


Dungeon Overview and Level Annotations

Branches:
Dungeon (8/15)             Temple (1/1) D:7            Lair (1/6) D:8

Altars:
Cheibriados
Dithmenos
Elyvilon
Fedhas
Gozag
Hepliaklqana
Makhleb
Nemelex Xobeh
Qazlal
Ru
Sif Muna
Trog
Uskayaw
Vehumet
Xom
Yredelemnul
Zin
The Shining One

Annotations:
D:3 Ladykiller69's ghost, amateur TrMo


Innate Abilities, Weirdness & Mutations

You are too large for most types of armour.
You have tough skin. (AC +1)


Message History

Confirm with . or Enter, or press ? or * to list all spells.
You don't have enough magic to cast that spell.
Unknown command.
Casting: Flame Tongue
Confirm with . or Enter, or press ? or * to list all spells.
You don't have enough magic to cast that spell.
* * * LOW HITPOINT WARNING * * *
You feel sick. The bullfrog barely misses you.
* * * LOW HITPOINT WARNING * * *
You feel sick. The bullfrog hits you.
* * * LOW HITPOINT WARNING * * *
* * * LOW HITPOINT WARNING * * *
You feel sick. The bullfrog misses you.
A water moccasin comes into view.
* * * LOW HITPOINT WARNING * * *
You feel sick.
The water moccasin hisses angrily.
* * * LOW HITPOINT WARNING * * *
You feel sick. The bullfrog hits you!
You die...

..## #..†cc.........##
..... #(.#...%........#
.....##(###o###...(.###
......§.# #.###....##.
#....#..# #.c..c(......
#.## ##.####.##.#######
## #..##...#.#
.#...#F####.##.#
......S.@.......#
.##........####.#
######...# #.# ##...#
.# #.#.# ###.# .# #


You could see a water moccasin and a bullfrog.

Vanquished Creatures
  A spiny frog (Lair:1)
  2 hippogriffs
  Menkaure (D:7)
  2 water moccasins
  2 porcupines (Lair:1)
  2 ice beasts
  An ogre (D:5)
  A phantom (D:7)
  A necrophage (D:5)
  A big kobold (D:8)
  A bullfrog (D:6)
  3 scorpions
  3 wights (D:6)
  2 howler monkeys
  A bullfrog zombie (D:5)
  A crimson imp (D:5)
  2 bullfrog skeletons
  A hound (D:7)
  2 orc priests
  3 jellies
  Crazy Yiuf (D:4)
  2 centaur skeletons
  2 iguanas
  6 orc wizards
  A worker ant (D:4)
  2 worker ant zombies
  8 adders
  2 oozes
  2 worms (D:2)
  A dart slug (D:1)
  2 leopard geckos
  13 orcs
  5 bats
  2 giant cockroaches (D:4)
  4 goblins
  7 hobgoblins
  10 jackals
  5 quokkas
  A ball python (D:2)
  5 frilled lizards
  14 kobolds
  2 rats (D:2)
  A spectral orc (D:8)
131 creatures vanquished.

Notes
Turn   | Place    | Note
-------+----------+-------------------------------------------
     0 | D:1      | tirato the Ogre Fire Elementalist began the quest for the Orb.
     0 | D:1      | Reached XP level 1. HP: 16/16 MP: 3/3
   372 | D:1      | Reached XP level 2. HP: 18/24 MP: 0/5
  1445 | D:2      | Learned a level 2 spell: Throw Flame
  1526 | D:2      | Found an opulent altar of Gozag.
  1643 | D:2      | Reached skill level 1 in Conjurations
  1643 | D:2      | Reached XP level 3. HP: 23/32 MP: 0/7
  2025 | D:2      | Reached skill level 3 in Spellcasting
  2654 | D:2      | Reached skill level 1 in Fighting
  3078 | D:2      | Reached XP level 4. HP: 22/41 MP: 1/9
  3894 | D:3      | Noticed Ladykiller69's ghost (amateur TrMo)
  4183 | D:4      | Found a white marble altar of Elyvilon.
  4481 | D:4      | Found a runed door.
  4519 | D:4      | Reached XP level 5. HP: 34/48 MP: 5/10
  4527 | D:4      | Reached skill level 4 in Spellcasting
  4645 | D:4      | Found a sacrificial altar of Ru.
  5436 | D:4      | Noticed Crazy Yiuf
  5493 | D:4      | Killed Crazy Yiuf
  5493 | D:4      | Reached XP level 6. HP: 17/57 MP: 0/12
  5808 | D:5      | Entered Level 5 of the Dungeon
  5929 | D:5      | Learned a level 3 spell: Conjure Flame
  5934 | D:5      | Learned a level 4 spell: Sticky Flame
  6330 | D:5      | Reached XP level 7. HP: 67/67 MP: 6/14
  6391 | D:4      | Reached skill level 5 in Spellcasting
  8034 | D:6      | Reached XP level 8. HP: 52/78 MP: 1/16
  8633 | D:6      | Reached skill level 5 in Fire Magic
  8885 | D:6      | Reached skill level 6 in Spellcasting
  9049 | D:6      | Found a deep blue altar of Sif Muna.
  9553 | D:7      | Noticed Menkaure
  9630 | D:7      | Killed Menkaure
  9804 | D:7      | Noticed a hippogriff
  9812 | D:7      | Killed a hippogriff
  9812 | D:7      | Reached skill level 5 in Fighting
  9849 | D:7      | Reached XP level 9. HP: 83/88 MP: 0/19
 10068 | D:7      | Found a staircase to the Ecumenical Temple.
 10080 | Temple   | Entered the Ecumenical Temple
 10155 | Temple   | Became a worshipper of Vehumet
 10425 | D:7      | Reached skill level 7 in Spellcasting
 10636 | D:7      | Learned a level 5 spell: Fireball
 10647 | D:7      | Found a glowing golden altar of the Shining One.
 11460 | D:8      | Found a staircase to the Lair.
 11472 | D:8      | Found a basalt altar of Yredelemnul.
 11503 | Lair:1   | Entered Level 1 of the Lair of Beasts
 11832 | Lair:1   | Noticed a spiny frog
 11837 | Lair:1   | Killed a spiny frog
 11837 | Lair:1   | Reached skill level 8 in Spellcasting
 11839 | Lair:1   | HP: 4/89 [bullfrog (2)]
 11842 | Lair:1   | HP: 1/89 [poisoned by a spiny frog]
 11842 | Lair:1   | Mangled by a bullfrog

Skill      XL: |  1  2  3  4  5  6  7  8  9 |
---------------+----------------------------+-----
Conjurations   | 1 2 3 4 |  4.4
Spellcasting   | 3 4 5 6 8 |  8.0
Fire Magic     | 3 4 5 6 |  6.9
Fighting       | 1 2 3 5 6 |  6.2
Stealth        | 2 |  2.6
Dodging        | 2 3 4 |  4.4

Action                   |  1- 3 |  4- 6 |  7- 9 || total
-------------------------+-------+-------+-------++-------
Melee: Unarmed           |    59 |    11 |       ||    70
       Quarterstaff      |       |       |    11 ||    11
       Staff             |       |       |    71 ||    71
 Cast: Flame Tongue      |    51 |    57 |   114 ||   222
       Throw Flame       |    15 |    41 |    69 ||   125
       Conjure Flame     |       |     3 |    17 ||    20
       Sticky Flame      |       |     1 |    18 ||    19
       Fireball          |       |       |     3 ||     3
  Use: Potion            |       |       |     2 ||     2
 Stab: Paralysed         |       |       |     1 ||     1
  Eat: Meat ration       |     1 |     1 |     2 ||     4
       Chunk             |     1 |     2 |     4 ||     7
       Bread ration      |     1 |     1 |     1 ||     3
       Royal jelly       |       |       |     1 ||     1
Armor: Robe              |    30 |     5 |    38 ||    73
Dodge: Dodged            |    46 |    22 |    96 ||   164
